 Dungeon Crawl Stone Soup version 0.20.0-15-g7f486f2 (webtiles) character file.

260 Hook the Chucker (level 6, 0/61 HPs)
             Began as an Ogre Hunter on June 20, 2017.
             Slain by a sky beast (6 damage)
             ... on level 3 of the Dungeon.
             The game lasted 00:08:30 (1922 turns).

Hook the Chucker (Ogre Hunter)                      Turns: 1922, Time: 00:08:30

Health: 0/61       AC: 10    Str: 19    XL:     6   Next: 17%
Magic:  6/6        EV:  6    Int: 12    God:
Gold:   149        SH:  7    Dex:  9    Spells: 5/5 levels left

rFire    . . .     SeeInvis .   e - +3 dagger (protect)
rCold    . . .     Gourm    .   n - +0 shield
rNeg     + . .     Faith    .   b - +0 robe
rPois    .         Spirit   .   (helmet restricted)
rElec    .         Reflect  .   (no cloak)
rCorr    .         Harm     .   (gloves unavailable)
MR       .....                  (boots unavailable)
Stlth    +.........             j - amulet of regeneration
Regen    0.6/turn               h - -2 ring of evasion
MPRegen  0.1/turn               i - ring of positive energy

@: protection aura
A: unfitting armour, tough skin 1
a: no special abilities


You were on level 3 of the Dungeon.
You were not hungry.

You visited 1 branch of the dungeon, and saw 3 of its levels.

You collected 149 gold pieces.

Inventory:

Hand Weapons
 a - a +0 short sword
 e - a +3 dagger of protection (weapon)
 s - a +0 giant spiked club
Missiles
 l - 4 silver javelins (quivered)
 u - a throwing net
 v - 3 tomahawks
Armour
 b - a +0 robe (worn)
 n - a +0 shield (worn)
Jewellery
 h - a -2 ring of evasion (left hand)
 i - a ring of positive energy (right hand)
 j - an amulet of regeneration (around neck)
Scrolls
 q - a scroll of identify
 t - a scroll of remove curse
Potions
 c - a potion of ambrosia {unknown}
 k - a potion of curing
 m - a potion of degeneration {unknown}
 p - a potion of agility {unknown}
 w - a potion of lignification {unknown}
Comestibles
 d - a chunk of flesh
 f - 3 bread rations
 o - 3 royal jellies
 r - 6 fruits


   Skills:
 * Level 3.3 Fighting
 + Level 1.1 Short Blades
 * Level 5.4 Throwing
 * Level 3.1 Dodging
 + Level 1.2 Stealth
 * Level 1.5 Shields


You had 5 spell levels left.
You didn't know any spells.

Dungeon Overview and Level Annotations

Branches:
Dungeon (3/15)

Altars:


Innate Abilities, Weirdness & Mutations

You are too large for most types of armour.
You have tough skin. (AC +1)


Message History

Something hits you but does no damage. Something hits you.
Something shocks you.
Throwing (i - inventory. (,) - cycle):
g - a large rock (quivered)
Press: ? - help, Shift-Dir - straight line, f/p - worm
Aim: a worm (heavily wounded)
You throw a large rock. The large rock barely misses the worm.
Something hits you. Something shocks you. Something hits you.
Something shocks you.
* * * LOW HITPOINT WARNING * * *
You hit something.
Your weapon exudes an aura of protection.
Something hits you but does no damage.
You barely miss something. Something hits you.
* * * LOW HITPOINT WARNING * * *
Something shocks you.
* * * LOW HITPOINT WARNING * * *
You hit something. Something hits you.
* * * LOW HITPOINT WARNING * * *
Something shocks you.
You die...

# #. #.##.# .#..# ###
.... ... # #... #....
#.#..# #.#.##
#.#..##############.#..
#>...w.@.........##.#.#
#.###(.###########.##.#.#
#....†.# #.##.#)#
####.{)# #######.##.#)##
#...............##)#)). #
#.#.##.......#..#....#. +
...... ......#..#....+.
......# .............#.
#......# .......#.###.#.


You could see a worm.

Vanquished Creatures
  An ogre (D:3)
  An orc wizard (D:3)
  7 adders
  2 worms (D:2)
  A dart slug (D:3)
  2 leopard geckos
  8 orcs (D:3)
  7 bats
  4 giant cockroaches
  6 goblins
  4 hobgoblins
  9 jackals (D:2)
  2 quokkas (D:2)
  5 frilled lizards
  4 kobolds
  7 rats
70 creatures vanquished.

Notes
Turn   | Place    | Note
-------+----------+-------------------------------------------
     0 | D:1      | Hook the Ogre Hunter began the quest for the Orb.
     0 | D:1      | Reached XP level 1. HP: 22/22 MP: 1/1
   288 | D:1      | Reached XP level 2. HP: 29/29 MP: 2/2
   744 | D:2      | Reached XP level 3. HP: 36/36 MP: 3/3
   889 | D:2      | HP: 1/37 [adder (4)]
  1041 | D:2      | Reached XP level 4. HP: 45/45 MP: 4/4
  1526 | D:3      | Reached skill level 1 in Shields
  1588 | D:3      | Noticed an ogre
  1590 | D:3      | Killed an ogre
  1590 | D:3      | Reached skill level 5 in Throwing
  1590 | D:3      | Reached skill level 1 in Stealth
  1590 | D:3      | Reached XP level 5. HP: 53/53 MP: 5/5
  1797 | D:3      | Reached skill level 1 in Short Blades
  1819 | D:3      | Reached XP level 6. HP: 55/61 MP: 6/6
  1908 | D:3      | Noticed a sky beast
  1922 | D:3      | Slain by a sky beast

Skill      XL: |  1  2  3  4  5 |
---------------+----------------+-----
Dodging        | 2 3 |  3.1
Fighting       | 3 |  3.3
Shields        | 1 |  1.5
Throwing       | 5 |  5.4
Stealth        | 1 |  1.2
Short Blades   | 1 |  1.1

Action                   |  1- 3 |  4- 6 || total
-------------------------+-------+-------++-------
Melee: Short sword       |    24 |       ||    24
       Dagger            |   108 |   117 ||   225
Throw: Large rock        |    22 |    25 ||    47
       Throwing net      |     2 |     2 ||     4
       Javelin           |       |     7 ||     7
  Use: Scroll            |     3 |     1 ||     4
       Potion            |     2 |       ||     2
 Stab: Sleeping          |       |     1 ||     1
  Eat: Chunk             |     1 |     3 ||     4
Armor: Robe              |    80 |    58 ||   138
Dodge: Dodged            |    62 |    34 ||    96
Block: Shield            |    35 |    40 ||    75
